 Dungeon Crawl Stone Soup version 0.17.1-1-g73c8601 (webtiles) character file.

125271 Miyamura the Nimble (level 16, -1/162 HPs)
             Began as a Troll Wizard on Dec 30, 2015.
             Was the Champion of the Shining One.
             Slain by a hornet (12 damage)
             ... created by a shambling mangrove
             ... on level 1 of the Swamp on Dec 31, 2015.
             The game lasted 02:55:29 (45808 turns).

Miyamura the Nimble (Troll Wizard)                 Turns: 45808, Time: 02:55:29

Health: -1/162     AC: 17    Str: 20    XL:     16   Next: 41%
Magic:  18/24      EV: 14    Int: 16    God:    the Shining One [******]
Gold:   55         SH: 10    Dex: 10    Spells: 9 memorised, 11 levels left

rFire  + . .     SeeInvis .     I - +9 giant spiked club (holy)
rCold  . . .     Clarity  +     p - +1 troll leather armour
rNeg   + + +     SustAt   .     (shield currently unavailable)
rPois  .         Gourm    +     b - +0 hat
rElec  .         Spirit   .     k - +0 cloak
rCorr  .         Warding  +     (gloves unavailable)
rMut   .         Stasis   .     (boots unavailable)
MR     +....                    E - amulet of warding
Stlth  +.........               v - ring of Robustness {AC+8}
                                w - ring of protection from fire

@: lethally poisoned (-1 -> -2), divine shield, about to teleport, slowed,
glowing, very slow, somewhat resistant to hostile enchantments, very unstealthy
A: unfitting armour, claws 3, clarity, fast metabolism 3, gourmand, low mp 1,
sense surroundings 1, regeneration 2, shaggy fur 1, tough skin 2
a: Divine Shield, Cleansing Flame, Summon Divine Warrior, Renounce Religion


You were on level 1 of the Swamp.
You worshipped the Shining One.
The Shining One was exalted by your worship.
You were very hungry.

You visited 6 branches of the dungeon, and saw 30 of its levels.
You also visited: Sewer, Ossuary and Ice Cave.

You collected 3143 gold pieces.
You spent 3088 gold pieces at shops.

Inventory:

Hand Weapons
 r - a +2 whip of electrocution
 I - a +9 giant spiked club of holy wrath (weapon)
 O - the +6 whip of Bofos {freeze, MR+}
   (You found it on level 3 of the Lair of Beasts)

   It has been specially enchanted to freeze those struck by it, causing extra
   injury to most foes and up to half again as much damage against particularly
   susceptible opponents.
   It can also slow down cold-blooded creatures.
   It affects your resistance to hostile enchantments.
Missiles
 j - 24 javelins (quivered)
Armour
 b - a +0 hat (worn)
 e - a +0 shield
 k - a +0 cloak (worn)
 p - a +1 troll leather armour (worn)
 q - a +0 robe of magic resistance
 X - a mottled dragon hide
Jewellery
 n - an uncursed ring of protection from cold
 o - an uncursed amulet of resist corrosion
 t - an uncursed amulet of resist mutation
 v - the ring of Robustness (right claw) {AC+8}
   (You bought it in a shop on level 3 of the Orcish Mines)

   [ring of protection]

   It affects your AC (+8).
 w - a ring of protection from fire (left claw)
 E - an amulet of warding (around neck)
Wands
 c - a wand of lightning (4)
 g - a wand of paralysis (13)
 A - a wand of cold (7)
 B - a wand of enslavement (7)
 J - a wand of polymorph (12)
 N - a wand of fire (3)
 P - a wand of fireball (8)
 R - a wand of cold (0)
 Y - a wand of flame (26)
Scrolls
 f - a scroll of recharging
 h - 14 scrolls of remove curse
 l - 3 scrolls of enchant armour
 y - 3 scrolls of amnesia
 D - a scroll of fog
 F - a scroll of magic mapping
 M - a scroll of identify
Potions
 a - 3 potions of cure mutation
 i - 3 potions of curing
 s - a potion of berserk rage
 u - 8 potions of brilliance
 Q - a potion of cancellation
 V - 3 potions of agility
 Z - a potion of resistance
Books
 x - a book of Geomancy

   Spells                             Type                      Level
   a - Sandblast                      Earth                        1
   b - Stoneskin                      Transmutation/Earth          2
   c - Passwall                       Transmutation/Earth          3
   d - Stone Arrow                    Conjuration/Earth            3
   e - Petrify                        Transmutation/Earth          4
   f - Lee's Rapid Deconstruction     Earth                        5
Miscellaneous
 S - a phantom mirror
 T - a disc of storms
 U - a stone of tremors
Comestibles
 d - 18 bread rations
 m - 15 meat rations
 z - 6 beef jerkies
 K - 25 fruits


   Skills:
 + Level 11.0 Fighting
 + Level 11.4 Maces & Flails
 + Level 11.4 Dodging
 - Level 1.1 Stealth
 - Level 10.0 Shields
 + Level 8.1 Spellcasting
 - Level 0.6 Conjurations
   Level 0.6 Summonings
 - Level 6.0 Translocations
 + Level 8.8 Invocations


You had 11 spell levels left.
You knew the following spells:

 Your Spells              Type           Power        Failure   Level  Hunger
a - Corona                Hex            #......      14%         1    None
b - Blink                 Tloc           N/A          1%          2    None
d - Magic Dart            Conj           #...         12%         1    None
g - Gell's Gravitas       Hex/Tloc       ###.......   12%         3    #......
l - Slow                  Hex            #.......     21%         2    None
p - Phase Shift           Tloc           ####......   30%         5    #####..
t - Tukima's Dance        Hex            #.......     38%         3    #......
A - Apportation           Tloc           ####......   1%          1    None
R - Repel Missiles        Chrm/Air       #.....       21%         2    None


Dungeon Overview and Level Annotations

Branches:
Dungeon (15/15)            Temple (1/1) D:7            Lair (8/8) D:11
  Swamp (1/4) Lair:4       Spider (1/4) Lair:5        Slime (0/6) Lair:6
    Orc (4/4) D:9             Elf (0/3) Orc:4        Vaults (0/5) D:13
 Depths (0/5) D:15

Altars:
Ashenzari
Cheibriados
Dithmenos
Elyvilon
Fedhas
Gozag
Kikubaaqudgha
Makhleb
Nemelex Xobeh
Okawaru
Qazlal
Ru
Sif Muna
Trog
Vehumet
Xom
Yredelemnul
Zin
The Shining One
Jiyva

Shops:
D:4 =   D:9 (   D:11 !   D:12 (   Orc:3 =   Orc:4 (!?(

Portals:
Trove: D:10 (give +3 fire dragon armour)

Annotations:
D:2 Sigmund


Innate Abilities, Weirdness & Mutations

You are too large for most types of armour.
You have claws for hands.
Your metabolism is lightning-fast.
You like to eat raw meat.
You heal very quickly.
You are covered in fur (AC +1).
You have very tough skin (AC +2).
You possess an exceptional clarity of mind.
Your magical capacity is low (-10% MP).
You passively map a small area around you.


Message History

Casting: Blink
Confirm with . or Enter, or press ? or * to list all spells.
You blink.
You feel very sick.
Read which item? (? for menu, Esc to quit)
Forget which spell ([?*] list [ESC] exit)?
Forget which spell ([?*] list [ESC] exit)?
You don't know that spell.
Forget which spell ([?*] list [ESC] exit)?
Okay, then.
Read which item? (? for menu, Esc to quit)
As you read the scroll of teleportation, it crumbles to dust.
You feel strangely unstable.
You feel very sick. The hornet closely misses you. x2
The hornet completely misses you.
Unknown command.
A divine shield forms around you!
You feel slightly more hungry.
You feel sick. The hornet stings you!
You die...

≈ ≈ , , , .≈ ≈ *
... ,, #.... ,
#....♣ ♣♣♣♣♣♣♣♣≈≈
##.$≈≈.♣♣♣≈@≈...$≈≈
* *
....≈≈.≈≈♣yyy..≈≈≈≈
,
.#..≈≈≈...≈..≈≈≈≈≈.
*
....≈≈≈)≈...≈≈≈≈≈≈≈
#...≈≈≈≈≈..≈≈.♣♣≈≈
, , .♣♣...≈..≈≈≈..♣
≈ ≈ ,*
♣≈.....≈≈§.:.. ,
......≈≈...♣♣♣..≈≈
, ....≈≈≈.≈≈§≈♣♣ .≈
≈


You could see 3 hornets.

Vanquished Creatures
  Gastronok (D:8)
  Kirke (Lair:5)
  A salamander stormcaller (D:15)
  Azrael (D:15)
  4 vault guards
  Josephine (Lair:7)
  An entropy weaver (Lair:5)
  The ghost of Goblin1989 the Grappler, a journeyman VSMo of Zin (Lair:7)
  10 hydras
  2 centaur warriors
  An ogre mage (D:12)
  The ghost of Erad1cat0r the Black Sun, a journeyman DsNe of Kikubaaqudgha (D:12)
  A queen ant (Lair:5)
  10 death yaks
  An alligator (Swamp:1)
  An orc high priest (Orc:3)
  Urug (Lair:4)
  A deep elf knight (Orc:4)
  3 skeletal warriors
  3 unseen horrors
  An ice devil (D:10)
  A death drake (shapeshifter) (D:14)
  A shambling mangrove (Swamp:1)
  3 hill giants
  21 ugly things
  4 orc sorcerers
  3 orb spiders (Spider:1)
  A cyclops (Orc:2)
  6 griffons
  An oklob plant (Lair:6)
  2 wolf spiders (Lair:5)
  14 elephants
  22 spiny frogs
  2 gargoyles
  5 black mambas
  A fire drake (Lair:5)
  4 kobold demonologists
  9 komodo dragons
  An efreet (D:14)
  A redback zombie (D:11)
  A freezing wraith (D:14)
  29 blink frogs
  3 two-headed ogres (D:15)
  2 blue devils
  4 polar bears
  9 trolls
  A jumping spider (Spider:1)
  A boulder beetle (Lair:7)
  10 slime creatures
  A centaur simulacrum (D:15)
  2 trapdoor spider zombies
  4 redbacks
  4 wraiths
  3 wyverns
  2 trapdoor spiders
  42 yaks
  2 shadows
  4 hogs
  5 tarantellas
  4 deep elf magi
  Grum (D:11)
  3 basilisks
  A mottled dragon (D:14)
  4 fire elementals (D:15)
  16 wolves
  14 water moccasins
  3 hungry ghosts
  A hog (shapeshifter) (D:14)
  10 hippogriffs
  18 vampire mosquitoes
  21 soldier ants
  6 swamp worms (Lair:4)
  5 wargs
  11 porcupines
  Duvessa (D:7)
  2 hell hounds (D:15)
  25 orc warriors
  15 ice beasts
  5 boggarts (D:15)
  5 sky beasts
  2 black bears
  A spider (Lair:5)
  2 necrophages
  21 ogres
  A boggart (shapeshifter) (D:15)
  6 centaurs
  12 crocodiles
  7 phantoms
  7 big kobolds
  34 giant frogs
  Dowan (D:7)
  A wyvern zombie (D:14)
  2 jellies (D:7)
  6 scorpions
  A wyvern skeleton (D:15)
  3 spriggan skeletons (D:11)
  A killer bee (D:12)
  15 electric eels
  3 wights (D:15)
  A giant frog zombie (D:6)
  7 crimson imps
  10 hounds
  9 centaur zombies
  A quasit (D:13)
  2 giant frog skeletons (D:12)
  59 orc wizards
  41 orc priests
  10 centaur skeletons
  14 two-headed ogre zombies (D:12)
  11 iguanas
  35 worker ants
  19 sheep
  2 killer bee zombies (D:7)
  A hound skeleton (D:7)
  3 mummies
  21 adders
  7 gnolls
  6 shadow imps
  58 river rats
  A white imp (D:15)
  An ufetubus (D:14)
  3 oozes
  4 worms (Sewer)
  An adder skeleton (D:9)
  2 adder zombies
  5 giant geckos
  228 orcs
  4 hobgoblins
  13 jackals
  7 quokkas
  8 ball pythons
  6 bats
  5 giant cockroaches
  A giant gecko skeleton (D:7)
  5 giant newts
  7 goblins
  A goblin zombie (Ossuary)
  8 hobgoblin zombies
  2 jackal zombies
  21 kobolds
  5 kobold zombies (Ossuary)
  7 orc zombies (Ossuary)
  16 rats
  A rat zombie (Ossuary)
  A fire vortex (D:15)
1255 creatures vanquished.

Vanquished Creatures (collateral kills)
  An ogre mage (D:15)
  An ugly thing (D:14)
  A spiny frog (Lair:1)
  An orc priest (Orc:3)
  An ufetubus (D:15)
5 creatures vanquished.

Vanquished Creatures (others)
  A swamp dragon (shapeshifter) (D:15)
  A redback simulacrum (D:15)
  An orc warrior (D:15)
  An orc priest (Orc:4)
  An iguana (D:6)
  An ooze (D:6)
  2 orcs
  2 bushes (Lair:3)
  35 fungi
  35 plants
80 creatures vanquished.

Grand Total: 1340 creatures vanquished

Notes
Turn   | Place    | Note
--------------------------------------------------------------
     0 | D:1      | Miyamura the Troll Wizard began the quest for the Orb.
     0 | D:1      | Reached XP level 1. HP: 16/16 MP: 2/2
   615 | D:1      | Reached XP level 2. HP: 23/26 MP: 4/4
   622 | D:1      | Learned a level 2 spell: Blink
   978 | D:2      | Reached skill level 1 in Maces & Flails
  1142 | D:2      | Noticed Sigmund
  1200 | D:2      | Gained mutation: You passively map a small area around you. [potion of mutation]
  1200 | D:2      | Gained mutation: You have large cloven feet. [potion of mutation]
  1200 | D:2      | Gained mutation: You are agile. (Dex +2) [potion of mutation]
  1326 | D:2      | Reached XP level 3. HP: 29/32 MP: 5/5
  1428 | D:2      | Reached skill level 1 in Translocations
  1517 | D:2      | Found a sacrificial altar of Ru.
  2020 | D:2      | Reached skill level 1 in Fighting
  2073 | D:2      | Reached XP level 4. HP: 38/41 MP: 6/6
  2518 | D:3      | Found a glowing drain.
  2527 | Sewer    | Entered a sewer
  2542 | Sewer    | Noticed a big kobold
  2557 | Sewer    | Killed a big kobold
  2557 | Sewer    | Reached XP level 5. HP: 43/48 MP: 5/7
  2714 | Sewer    | Noticed a big kobold
  2741 | Sewer    | Killed a big kobold
  2741 | Sewer    | Reached XP level 6. HP: 47/57 MP: 8/8
  2762 | Sewer    | Noticed a big kobold
  2779 | Sewer    | Killed a big kobold
  2815 | Sewer    | Noticed a big kobold
  2843 | Sewer    | Killed a big kobold
  2843 | Sewer    | Reached skill level 3 in Dodging
  3778 | D:3      | Reached XP level 7. HP: 53/65 MP: 10/10
  4093 | D:4      | Found Suruhain's Jewellery Shop.
  4144 | D:4      | Bought a cursed amulet of inaccuracy for 20 gold pieces
  4912 | D:5      | Entered Level 5 of the Dungeon
  5718 | D:5      | Reached XP level 8. HP: 60/75 MP: 11/11
  5806 | D:5      | Reached skill level 4 in Maces & Flails
  7614 | D:6      | Learned a level 2 spell: Repel Missiles
  7684 | D:7      | Found a sand-covered staircase.
  7708 | Ossuary  | Entered an ossuary
  7822 | Ossuary  | Noticed Oozefury's ghost (novice TrMo)
  7925 | Ossuary  | HP: 1/78 [Oozefury's ghost (21)]
  8145 | D:7      | Reached XP level 9. HP: 24/84 MP: 13/13
  8149 | D:7      | Lost mutation: You are agile. (Dex +2) [mutagenic meat]
  8150 | D:7      | Gained mutation: You are weak. (Str -2) [mutagenic meat]
  8152 | D:7      | Gained mutation: Your magical capacity is low (-10% MP). [mutagenic meat]
  8153 | D:7      | Gained mutation: You possess an exceptional clarity of mind. [mutagenic meat]
  8263 | D:7      | Noticed Duvessa
  8264 | D:7      | Noticed Dowan
  8374 | D:7      | Killed Duvessa
  8385 | D:7      | Killed Dowan
  8517 | D:7      | Reached skill level 5 in Maces & Flails
  8627 | D:7      | Found a radiant altar of Vehumet.
  8729 | D:7      | Reached skill level 5 in Dodging
  8771 | D:7      | Found a staircase to the Ecumenical Temple.
  8785 | Temple   | Entered the Ecumenical Temple
  8849 | Temple   | Became a worshipper of the Shining One
  8943 | D:7      | Was placed under penance by the Shining One
  8949 | D:6      | Fell from the grace of the Shining One
  9393 | Temple   | Became a worshipper of the Shining One
  9476 | D:8      | Learned a level 2 spell: Slow
  9706 | D:8      | Noticed Gastronok
  9734 | D:8      | Killed Gastronok
  9734 | D:8      | Reached skill level 5 in Fighting
  9734 | D:8      | Reached skill level 6 in Maces & Flails
  9734 | D:8      | Reached XP level 10. HP: 58/96 MP: 12/14
 10141 | D:9      | Learned a level 3 spell: Gell's Gravitas
 10259 | D:9      | Found a snail-covered altar of Cheibriados.
 10353 | D:9      | Reached skill level 5 in Translocations
 10615 | D:9      | Found a white marble altar of Elyvilon.
 10901 | D:9      | Found a staircase to the Orcish Mines.
 10984 | D:9      | Found a blossoming altar of Fedhas.
 10987 | D:9      | Found a shattered altar of Ashenzari.
 10990 | D:9      | Found an ancient bone altar of Kikubaaqudgha.
 11133 | D:9      | Reached * piety under the Shining One
 11293 | D:9      | Reached skill level 5 in Spellcasting
 11492 | D:9      | Found Esesaluz's Weapon Boutique.
 11664 | D:10     | Entered Level 10 of the Dungeon
 11867 | D:10     | Reached skill level 7 in Maces & Flails
 11986 | D:10     | Noticed a centaur warrior
 12565 | Orc:1    | Entered Level 1 of the Orcish Mines
 12819 | D:8      | Reached XP level 11. HP: 101/106 MP: 15/15
 13198 | Orc:1    | Reached ** piety under the Shining One
 13828 | Orc:2    | HP: 4/107 [warg (13)]
 15700 | Orc:4    | Entered Level 4 of the Orcish Mines
 15993 | Orc:4    | Reached *** piety under the Shining One
 16176 | Orc:4    | Found a staircase to the Elven Halls.
 16226 | Orc:4    | Was placed under penance by the Shining One
 16370 | Orc:3    | Reached skill level 1 in Invocations
 16448 | Orc:4    | Was forgiven by the Shining One
 16531 | Orc:4    | HP: 4/109 [orc warrior/flail (14)]
 17340 | Orc:4    | Found a burning altar of Makhleb.
 17385 | Orc:3    | Found Fowkun's Jewellery Shop.
 18548 | Orc:4    | Found Upluh's Antique Weapon Boutique.
 18548 | Orc:4    | Found Duelimpi's Distillery.
 18548 | Orc:4    | Noticed an orc high priest
 18744 | Orc:4    | Noticed an ice devil
 18857 | Orc:4    | Paralysed by an orc sorcerer for 5 turns
 18909 | Orc:4    | Reached skill level 8 in Maces & Flails
 18981 | Orc:3    | Paralysed by an orc sorcerer for 4 turns
 19085 | Orc:4    | Found Kigobb's Weapon Shop.
 19089 | Orc:4    | Found Neil's Magic Scroll Shop.
 19092 | Orc:4    | Bought a scroll of enchant armour for 90 gold pieces
 19160 | Orc:3    | Killed an orc high priest
 19173 | Orc:4    | Reached XP level 12. HP: 118/118 MP: 17/17
 19195 | Orc:4    | Paralysed by an orc sorcerer for 6 turns
 19248 | Orc:4    | Bought a potion of curing for 39 gold pieces
 19248 | Orc:4    | Bought a potion of curing for 39 gold pieces
 19248 | Orc:4    | Bought a potion of heal wounds for 65 gold pieces
 19248 | Orc:4    | Bought a potion of heal wounds for 65 gold pieces
 19249 | Orc:4    | Bought an ancient morningstar for 234 gold pieces
 19249 | Orc:4    | Identified the +2 morningstar "Utuf" {venom, rPois rF+ Int+2 Dex+4} (You bought it in a shop on level 4 of the Orcish Mines)
 19288 | Orc:4    | Bought a scroll of teleportation for 36 gold pieces
 19288 | Orc:4    | Bought a scroll of identify for 24 gold pieces
 19288 | Orc:4    | Bought a scroll of identify for 24 gold pieces
 19288 | Orc:4    | Bought a scroll of magic mapping for 42 gold pieces
 19319 | Orc:4    | Noticed a deep elf knight
 19319 | Orc:4    | Reached **** piety under the Shining One
 19330 | Orc:4    | Killed a deep elf knight
 19700 | D:10     | Killed a centaur warrior
 19990 | D:10     | Found a portal to a secret trove of treasure.
 20065 | D:11     | Found Imuycoid's Distillery.
 20290 | D:11     | Bought a potion of berserk rage for 70 gold pieces
 20290 | D:11     | Bought a potion of heal wounds for 70 gold pieces
 20290 | D:11     | Bought a potion of heal wounds for 70 gold pieces
 20290 | D:11     | Bought a potion of curing for 42 gold pieces
 20290 | D:11     | Bought a potion of curing for 42 gold pieces
 20290 | D:11     | Bought 2 potions of curing for 84 gold pieces
 20290 | D:11     | Bought a potion of curing for 42 gold pieces
 20290 | D:11     | Bought a potion of heal wounds for 70 gold pieces
 20387 | D:11     | Found a frozen archway.
 20409 | IceCv    | Entered an ice cave
 20586 | D:11     | Noticed Grum
 20799 | D:11     | Found a staircase to the Lair.
 21324 | D:11     | Reached ***** piety under the Shining One
 21444 | D:11     | Killed Grum
 21583 | D:11     | Reached skill level 5 in Invocations
 21719 | Lair:1   | Entered Level 1 of the Lair of Beasts
 21822 | Lair:1   | Reached skill level 9 in Maces & Flails
 22112 | Lair:1   | Noticed a seven-headed hydra
 22159 | Lair:1   | Killed a seven-headed hydra
 22661 | Lair:2   | Noticed a six-headed hydra
 23014 | Lair:2   | Reached XP level 13. HP: 112/128 MP: 19/19
 23820 | Lair:2   | Killed a six-headed hydra
 24133 | Lair:3   | Got a twisted whip
 24134 | Lair:3   | Identified the +6 whip of Bofos {freeze, MR+} (You found it on level 3 of the Lair of Beasts)
 24871 | Lair:3   | Learned a level 1 spell: Corona
 26709 | Lair:4   | Noticed Urug
 26818 | Lair:4   | Killed Urug
 27066 | Lair:4   | Found a staircase to the Swamp.
 27398 | Lair:5   | Learned a level 1 spell: Apportation
 27513 | Lair:5   | Found a hole to the Spider Nest.
 27660 | Lair:5   | Reached skill level 10 in Maces & Flails
 27924 | Lair:5   | Noticed Kirke
 28576 | Lair:5   | Killed Kirke
 28683 | Spider:1 | Entered Level 1 of the Spider Nest
 29032 | Lair:5   | Reached XP level 14. HP: 137/141 MP: 21/21
 29148 | Spider:1 | Reached skill level 10 in Fighting
 29401 | Spider:1 | Reached skill level 10 in Dodging
 29709 | Lair:6   | Identified a scroll of acquirement
 30255 | Lair:5   | Reached skill level 1 in Shields
 30325 | Lair:6   | Found a runed door.
 30325 | Lair:6   | Found a viscous altar of Jiyva.
 30325 | Lair:6   | Found a staircase to the Slime Pits.
 31127 | Lair:6   | Learned a level 3 spell: Tukima's Dance
 31354 | Lair:7   | Noticed Goblin1989's ghost (journeyman VSMo)
 31960 | Lair:6   | Reached skill level 5 in Shields
 32347 | Lair:7   | Killed Goblin1989's ghost
 33533 | Lair:7   | Noticed Josephine
 33541 | Lair:7   | Killed Josephine
 33687 | Lair:7   | Learned a level 5 spell: Phase Shift
 34381 | Lair:8   | Entered Level 8 of the Lair of Beasts
 35584 | Lair:7   | Reached XP level 15. HP: 87/149 MP: 19/22
 36884 | Lair:8   | Reached skill level 10 in Shields
 38202 | D:12     | Found Ypsymoik's Weapon Boutique.
 38212 | D:12     | Lost mutation: You are weak. (Str -2) [potion of cure mutation]
 38212 | D:12     | Lost mutation: You have large cloven feet. [potion of cure mutation]
 38294 | D:12     | Got a shimmering robe
 38305 | D:12     | Identified the +1 robe of the Earth {rN+ Str+3} (You found it on level 12 of the Dungeon)
 38378 | D:12     | Noticed Erad1cat0r's ghost (journeyman DsNe)
 38444 | D:12     | Killed Erad1cat0r's ghost
 39512 | D:13     | Reached ****** piety under the Shining One
 39606 | D:13     | Found a gate to the Vaults.
 41019 | D:14     | Found a sacrificial altar of Ru.
 41106 | D:13     | Reached skill level 11 in Dodging
 42561 | D:15     | Entered Level 15 of the Dungeon
 42796 | D:14     | Identified a +9 giant spiked club of holy wrath (a +7 giant spiked club of flaming blessed by the Shining One)
 42796 | D:14     | Received a gift from the Shining One
 42909 | D:15     | Reached XP level 16. HP: 161/161 MP: 23/23
 43128 | D:15     | Noticed Azrael
 43159 | D:15     | HP: 7/161 [cyan ugly thing (12)]
 43543 | Orc:3    | Bought the ring of Robustness {AC+8} for 1920 gold pieces
 44751 | D:15     | Paralysed by an ogre mage for 5 turns
 44762 | D:15     | Killed Azrael
 45220 | D:15     | Found a staircase to the Depths.
 45728 | Swamp:1  | Entered Level 1 of the Swamp
 45802 | Swamp:1  | Paralysed by a hornet for 2 turns
 45808 | Swamp:1  | Slain by a hornet

Action                   |  1- 3 |  4- 6 |  7- 9 | 10-12 | 13-15 | 16-18 || total
-------------------------+-------+-------+-------+-------+-------+-------++-------
Melee: Unarmed           |   152 |   273 |   481 |       |       |       ||   906
       Club              |    37 |       |       |       |       |       ||    37
       Giant spiked club |       |       |   248 |   714 |   453 |   213 ||  1628
       Whip              |       |       |       |   514 |  2152 |   126 ||  2792
       Flail             |       |       |       |   271 |   386 |       ||   657
 Fire: Blowgun           |       |       |    42 |       |       |       ||    42
 Cast: Magic Dart        |     1 |       |     2 |       |       |       ||     3
       Blink             |       |       |    12 |    37 |    90 |    11 ||   150
       Repel Missiles    |       |       |     1 |     6 |     2 |     1 ||    10
       Slow              |       |       |     3 |     5 |     2 |       ||    10
       Gell's Gravitas   |       |       |       |     1 |       |       ||     1
Invok: Cleansing Flame   |       |       |       |     2 |       |     3 ||     5
       Divine Shield     |       |       |       |     1 |    25 |     2 ||    28
       Summon Divine War |       |       |       |     1 |       |     2 ||     3
       Brand Weapon With |       |       |       |       |     1 |       ||     1
Evoke: Wand              |       |       |    13 |     3 |    18 |     5 ||    39
  Use: Scroll            |     5 |       |     7 |    13 |    30 |     3 ||    58
       Potion            |     4 |     2 |     5 |    16 |    13 |     5 ||    45
 Stab: Sleeping          |     1 |       |     2 |       |       |       ||     3
       Distracted        |       |       |     1 |       |       |       ||     1
  Eat: Chunk             |    23 |    20 |    61 |   126 |   190 |    10 ||   430
       Beef jerky        |       |       |       |     2 |     1 |     2 ||     5
       Royal jelly       |       |       |       |       |     1 |     3 ||     4
       Meat ration       |       |       |       |       |     1 |     2 ||     3
       Pizza             |       |       |       |       |     1 |       ||     1
       Fruit             |       |       |       |       |       |     2 ||     2
